AoeStats
← 297539664

Arena

510099690Analyzed
4v4 RM · 3d ago on Sep 29, 2026· 49m 20s· 8 players
Game mode
Random Map
Map size
Large (8 player)
Population
200
Speed
Normal
Resources
Standard
Victory
Conquest
Starting age
Dark Age
Ending age
Imperial Age
RankedLock teamsTeams togetherTeam positionsShared explorationLock speedFull tech treeHidden civsTurbo modeCheats
Victory
Defeat
🇲🇽 Khitans · Mexico
1504
+12
🇨🇱 Japanese · Chile
1440
+15
🇫🇷 Berbers · France
1403
+16
🇧🇷 Cumans · Brazil
1344
+18
🇨🇳 Celts · China
1495
-19
🇸🇬 Muisca · Singapore
1453
-17
🇨🇳 Franks · China
1341
-13
🇷🇺 Saracens · Russia
1337
-12
EXILE | Ivanistico
11:12 Feudal Age
14:52 Castle Age
12:44 Double-Bit Axe
12:44 Domestication
16:13 Loom
19:42 Bow Saw
21:12 Gold Mining
22:18 Wheelbarrow
26:05 Imperial Age
24:34 Forging
24:52 Fortified Wall
24:56 Masonry
26:24 Iron Casting
25:55 Scale Barding Armor
26:12 Husbandry
25:54 Light Cavalry
28:41 Heavy Camel Rider
31:07 Coinage
30:42 Stone Mining
32:49 Banking
32:52 Chain Barding Armor
33:26 Gambesons
33:41 Squires
33:27 Arson
34:14 Scale Mail Armor
34:50 Plate Barding Armor
38:41 Pastoralism
39:43 Chain Mail Armor
39:24 Man-at-Arms
39:27 Elite Fire Lancer
40:48 Fletching
40:59 Padded Archer Armor
42:18 Chemistry
41:39 Ballistics
41:26 Siege Engineers
41:26 Bodkin Arrow
41:07 Heavy Cavalry Archer
42:13 Parthian Tactics
41:54 Thumb Ring
41:46 Elite Skirmisher
43:57 Bracer
43:57 Padded Archer Armor
45:12 Conscription
44:59 Ordo Cavalry
46:37 Two-Man Saw
46:02 Treadmill Crane
48:53 Leather Archer Armor
50:06 Ring Archer Armor
49:44 Guard Tower
CumanoBorracho92
5:12 Loom
8:23 Feudal Age
14:09 Town Watch
15:10 Fletching
29:06 Castle Age
30:29 Bloodlines
31:00 Scale Mail Armor
31:50 Light Cavalry
32:26 Horse Collar
35:05 Pikeman
35:45 Squires
36:17 Chain Mail Armor
37:13 Wheelbarrow
37:43 Forging
37:38 Double-Bit Axe
39:12 Wheelbarrow
41:57 Imperial Age
39:01 Man-at-Arms
39:41 Arson
40:06 Gambesons
41:22 Hand Cart
41:59 Long Swordsman
42:14 Capped Ram
43:02 Two-Handed Swordsman
43:56 Champion
46:32 Plate Mail Armor
46:38 Iron Casting
49:48 Blast Furnace
guilleol1005
10:50 Feudal Age
10:47 Loom
13:35 Fletching
15:55 Castle Age
14:46 Fletching
15:31 Double-Bit Axe
16:36 Bodkin Arrow
25:46 Horse Collar
28:34 Heavy Plow
28:49 Bow Saw
30:16 Fortified Wall
32:36 Wheelbarrow
33:09 Masonry
32:59 Gold Mining
35:45 Imperial Age
33:56 Stone Mining
34:23 Padded Archer Armor
37:28 Chemistry
37:08 Conscription
37:34 Bracer
37:50 Leather Archer Armor
38:02 Ballistics
40:44 Siege Engineers
41:39 Thumb Ring
41:46 Bloodlines
41:37 Husbandry
43:06 Leather Archer Armor
43:48 Light Cavalry
45:00 Ring Archer Armor
44:35 Scale Barding Armor
44:41 Forging
45:02 Hand Cart
44:56 Hussar
46:18 Maghrebi Camels
46:06 Elite Camel Archer
47:24 Chain Barding Armor
50:15 Plate Barding Armor
50:16 Iron Casting
Mionel Lessi
1:18 Loom
8:55 Feudal Age
10:19 Wheelbarrow
9:25 Horse Collar
9:33 Double-Bit Axe
21:16 Castle Age
19:27 Stone Mining
19:59 Town Watch
20:13 Gold Mining
22:30 Hand Cart
22:19 Heavy Plow
22:33 Bow Saw
23:02 Gold Shaft Mining
26:59 Scale Barding Armor
27:05 Forging
30:57 Imperial Age
29:05 Steppe Husbandry
29:39 Chain Barding Armor
29:55 Iron Casting
30:02 Bloodlines
32:42 Blast Furnace
32:18 Plate Barding Armor
31:05 Elite Steppe Lancer
32:10 Conscription
33:35 Two-Man Saw
35:35 Light Cavalry
anirone7589
9:36 Feudal Age
9:52 Loom
13:25 Castle Age
14:47 Double-Bit Axe
21:17 Sanctity
25:05 Redemption
30:38 Horse Collar
31:10 Bow Saw
31:46 Heavy Plow
35:39 Gold Mining
36:45 Wheelbarrow
39:20 Imperial Age
38:23 Hand Cart
37:53 Town Watch
39:46 Fletching
39:56 Padded Archer Armor
39:50 Stone Mining
40:35 Gold Shaft Mining
39:30 Crossbowman
40:16 Thumb Ring
40:28 Squires
40:11 Arbalester
41:00 Bodkin Arrow
41:04 Pikeman
41:58 Bracer
41:59 Scale Mail Armor
42:10 Forging
43:37 Ballistics
43:05 Champi Runner
43:54 Champi Warrior
45:59 Chemistry
45:10 Masonry
45:22 Elite Champi Warrior
47:11 Chain Mail Armor
47:32 Iron Casting
46:25 Capped Ram
48:30 Iron Casting
50:08 Plate Mail Armor
49:54 Leather Archer Armor
297539664
10:02 Feudal Age
13:35 Castle Age
12:08 Double-Bit Axe
14:52 Bow Saw
19:03 Wheelbarrow
23:04 Gold Mining
24:57 Gold Shaft Mining
25:24 Scale Barding Armor
25:30 Forging
25:49 Hand Cart
29:10 Imperial Age
27:07 Chain Barding Armor
29:01 Iron Casting
28:47 Husbandry
29:13 Cavalier
29:55 Chivalry
30:16 Conscription
30:32 Plate Barding Armor
30:58 Blast Furnace
29:57 Pikeman
30:37 Squires
30:23 Arson
30:26 Paladin
30:49 Halberdier
31:58 Scale Mail Armor
34:14 Chain Mail Armor
36:38 Coinage
41:11 Plate Mail Armor
42:06 Fortified Wall
45:43 Heavy Scorpion
Boar
10:28 Feudal Age
11:26 Double-Bit Axe
11:42 Horse Collar
14:34 Castle Age
16:22 Bow Saw
16:14 Heavy Plow
20:21 Wheelbarrow
23:59 Gold Mining
23:59 Loom
28:57 Imperial Age
27:51 Forging
27:42 Scale Mail Armor
28:29 Gold Shaft Mining
28:16 Hand Cart
27:47 Town Watch
28:01 Pikeman
29:30 Iron Casting
30:07 Chain Mail Armor
30:16 Conscription
30:06 Furor Celtica
31:01 Chemistry
29:27 Capped Ram
29:41 Halberdier
31:30 Blast Furnace
30:57 Siege Engineers
30:57 Siege Ram
31:38 Arson
32:34 Masonry
32:59 Plate Mail Armor
34:10 Heavy Scorpion
36:02 Fortified Wall
36:15 Ballistics
36:06 Fortified Wall
39:39 Fletching
Warrior
6:52 Loom
9:21 Feudal Age
10:20 Double-Bit Axe
12:06 Fletching
17:58 Padded Archer Armor
22:49 Castle Age
21:22 Horse Collar
22:18 Stone Mining
22:21 Gold Mining
24:22 Bow Saw
28:56 Wheelbarrow
28:49 Scale Barding Armor
34:21 Imperial Age
32:20 Forging
33:44 Chain Barding Armor
34:04 Iron Casting
33:56 Chain Barding Armor
35:33 Iron Casting
35:42 Plate Barding Armor
35:25 Heavy Plow
36:13 Iron Casting
35:42 Husbandry
37:38 Gold Shaft Mining
36:54 Stone Mining
37:44 Conscription
38:59 Blast Furnace
Connection lost

Rejoining the realm…

Still unreachable

The connection could not be restored.

Session expired

The server has moved on; the page needs a fresh start.